 Dungeon Crawl Stone Soup version 0.31-a0-986-g5e6e4ef867 (webtiles) character file.

Game seed: 18412291548267136300

2244 ytrimaz the Mimic (level 9, -8/64 HPs)
             Began as a Black Draconian Shapeshifter on Nov 14, 2023.
             Killed themself with a bounced orb of electricity (10 damage)
             ... on level 6 of the Dungeon.
             The game lasted 00:05:04 (5118 turns).

ytrimaz the Mimic (Black Draconian Shapeshifter)    Turns: 5118, Time: 00:05:05

Health: -8/64      AC:  8    Str: 17    XL:     9   Next: 14%
Magic:  9/9        EV: 12    Int: 11    God:
Gold:   290        SH:  5    Dex: 14    Spells: 8/8 levels left

rFire   + .          .
                       - Unarmed
rCold   . . .        (shield currently unavailable)
rNeg    . . .        (body armour unavailable)
rPois   .            (helmet restricted)
rElec   +            s - +0 cloak
rCorr   .            (no gloves)
SInv    +            (no boots)
Will    .....        l - amulet of reflection
Stlth   +            k - ring of see invisible
HPRegen 0.30/turn    z - ring of protection from fire
MPRegen 0.11/turn

%: reflection
@: flux-form, glowing
A: glow, contaminating, breathe lightning, AC +7, unfitting armour, electricity
resistance, cold-blooded
a: Breathe Lightning, Begin Untransformation


You were on level 6 of the Dungeon.
You were something dangerously unstable.
You visited 1 branch of the dungeon, and saw 6 of its levels.

You collected 290 gold pieces.


Innate Abilities, Weirdness & Mutations

You are something dangerously unstable.
You glow with magical radiation, making you easy to see and hit.
Foes you strike become dangerously contaminated with magical radiation.
You are incapable of wielding weapons or throwing items.
You can breathe wild blasts of lightning.
Your glossy black scales are hard. (AC +7)
You cannot fit into any form of body armour.
You are resistant to electric shocks. (rElec)
You are cold-blooded and may be slowed by cold attacks.


   Skills:
 - Level 1.1 Fighting
 - Level 1.7 Dodging
 + Level 7.7 Unarmed Combat
 * Level 9.6 Shapeshifting


You had 8 spell levels left.
You didn't know any spells.
Your spell library contained the following spells:

 Spells                   Type           Power      Damage    Failure   Level
 Apportation              Tloc           0%         N/A       34%         1
 Necrotise                Necr           0%         1d4       34%         1
 Summon Small Mammal      Summ           0%         N/A       34%         1
 Ensorcelled Hibernation  Hex/Ice        0%         N/A       47%         2
 Lesser Beckoning         Tloc           0%         N/A       47%         2
 Passwall                 Tmut/Erth      0%         N/A       47%         2
 Sublimation of Blood     Necr           0%         N/A       47%         2
 Wereblood                Tmut           0%         N/A       47%         2
 Gell's Gravitas          Tloc           0%         N/A       71%         3
 Mephitic Cloud           Conj/Pois/Air  0%         N/A       71%         3
 Ozocubu's Armour         Ice            0%         N/A       71%         3
 Swiftness                Air            0%         N/A       71%         3
 Teleport Other           Tloc           0%         N/A       71%         3
 Freezing Cloud           Conj/Ice/Air   0%         6-21      100%        5
 Metabolic Englaciation   Hex/Ice        0%         N/A       100%        5
 Simulacrum               Ice/Necr       0%         N/A       100%        6
 Summon Hydra             Summ           0%         N/A       100%        7
 Fire Storm               Conj/Fire      0%         5d1       100%        9

Inventory:

Armour
 s - a +0 cloak (worn)
   (You found it on level 4 of the Dungeon)
Jewellery
 k - a ring of see invisible (left hand)
   (You found it on level 3 of the Dungeon)
 l - an amulet of reflection (around neck)
   (You found it on level 3 of the Dungeon)
 v - an amulet of magic regeneration
   (You found it on level 4 of the Dungeon)
 x - an amulet of the acrobat
   (You found it on level 6 of the Dungeon)
 z - a ring of protection from fire (right hand)
   (You found it on level 6 of the Dungeon)
Talismans
 b - a beast talisman
 c - a flux talisman (active)
Wands
 n - a wand of polymorph (18)
   (You found it on level 3 of the Dungeon)
 u - a wand of flame (21)
   (You found it on level 4 of the Dungeon)
Scrolls
 a - a scroll of revelation {unknown}
 d - a scroll of poison {unknown}
 g - 4 scrolls of teleportation {unknown}
 h - a scroll of amnesia {unknown}
 i - 2 scrolls of silence {unknown}
 j - 2 scrolls of noise {unknown}
 m - 3 scrolls of identify {unknown}
 o - a scroll of enchant armour {unknown}
 q - a scroll of torment {unknown}
 y - 3 scrolls of enchant weapon {unknown}
Potions
 e - a potion of ambrosia
 f - a potion of berserk rage {unknown}
 p - 2 potions of heal wounds {unknown}
 r - a potion of brilliance {unknown}
 t - a potion of curing {unknown}
 w - a potion of might {unknown}

Dungeon Overview and Level Annotations

Branches:
Dungeon (6/15) Zot: 26126
 Temple: D:4-7

Altars:
Hepliaklqana
Makhleb

Annotations:
D:3 2 transporters, osoart's ghost, amateur OpSh
D:6 Grinder

#.# #.# ##Z# #.# #.# ...
..# #.# #.############.#
#.#
#######ยง##....>....#.#
#.# .......W......####.#.#
#.# ######.##.##.# #.#.#
#.#
#####.##.##.####.#.###.#
#...)o.5p##....โ€ .......#
........##################
###.##### #. #. .


You could see Grinder (contam) and an orc priest (contam).


Message History

The orc shudders as magic cascades through it!
You kill the orc!
The orc hits you with a +0 club. ๐Ÿ˜ฎ HP[-1]
You take 1 damage, and now have 42/64 hp.
You are too injured to fight recklessly!
You barely miss the orc.
The orc priest hits you but does no damage. ๐Ÿ˜ฎ HP[+1] Unknown command.
You are too injured to fight recklessly!
The orc barely misses you.
You are too injured to fight recklessly!
Unknown command.
You hit the orc.
The orc begins to glow.
You tail-slap the orc, but do no damage.
The orc closely misses you.
The orc priest hits you but does no damage.
You are too injured to fight recklessly!
Grinder shouts!
You hit the orc but do no damage.
The orc glows dangerously bright.
You tail-slap the orc, but do no damage.
The orc barely misses you. The orc priest closely misses you.
Unknown command.
You are too injured to fight recklessly!
You closely miss the orc priest. The centaur zombie barely misses you.
The centaur zombie kicks you but does no damage.
A phantom comes into view.
The orc barely misses you. ๐Ÿ˜ฎ HP[+1]
You hit the orc priest.
The orc priest begins to glow.
You tail-slap the orc priest, but do no damage.
You have got your breath back.
The centaur zombie hits you. You block the centaur zombie's attack.
The orc priest barely misses you. You block the orc's attack.
You are too injured to fight recklessly! ๐Ÿ˜ฎ HP[-2]
You take 2 damage, and now have 42/64 hp.
Unknown command.
You barely miss the orc priest.
The centaur zombie hits you but does no damage.
The centaur zombie closely misses you.
The orc priest hits you with a +0 hand axe.
Grinder blinks!
The orc hits you but does no damage. The centaur zombie hits you.
You block the centaur zombie's attack. ๐Ÿ˜ฎ HP[-7]
You take 7 damage, and now have 35/64 hp.
You hit the orc priest.
The orc priest glows dangerously bright.
You block the orc priest's attack.
A centaur zombie comes into view.
Unknown command. ๐Ÿ˜ฎ HP[+1]
The orc attacks as it pursues you! You block the orc's attack.
Unknown command.
You hit the orc.
The orc shudders as magic cascades through it!!
You kill the orc!
The orc priest calls down the wrath of Beogh upon you.
Beogh smites you!
* * * LOW HITPOINT WARNING * * *
๐Ÿ˜จ HP[-15]
You take 15 damage, and now have 21/64 hp.
MASSIVE DAMAGE!! (PAUSE)
You hit the centaur zombie.
The centaur zombie begins to glow.
The centaur zombie hits you but does no damage.
The centaur zombie kicks you.
* * * LOW HITPOINT WARNING * * *
Unknown command.
You hit the centaur zombie.
The centaur zombie glows dangerously bright.
You block the centaur zombie's attack.
The centaur zombie kicks you but does no damage.
The centaur zombie completely misses you.
The centaur zombie kicks you but does no damage.
You hit the centaur zombie but do no damage.
The centaur zombie shudders as magic cascades through it!!
You destroy the centaur zombie!
You hit Grinder.
Grinder begins to glow.
Grinder rolls her eyes.
Grinder gestures at you. Pain shoots through your body!
* * * LOW HITPOINT WARNING * * *
๐Ÿ˜ฑ HP[-10]
You take 10 damage, and now have 11/64 hp.
Unknown command.
Unknown command.
Activating: Breathe Lightning (4% risk of failure)
Press: ? - help, Q - select action, (/) - cycle Dir - look around, f - activate Look: an orc priest, wielding a +0 hand axe (lightly wounded, contaminated)
You breathe a wild blast of lightning!
The orb of electricity explodes!
The orb of electricity engulfs you! You resist.
* * * LOW HITPOINT WARNING * * *
The orb of electricity engulfs Grinder.
The orb of electricity engulfs the phantom!!
You destroy the phantom!
The orb of electricity explodes!
The orb of electricity engulfs you! You resist.
You die...

Skill      XL: |  1  2  3  4  5  6  7  8 |
---------------+-------------------------+-----
Shapeshifting  | 4 5 6 7 9 |  9.6
Unarmed Combat | 4 5 6 7 |  7.7
Fighting       | |  1.1
Dodging        | |  1.7

Action                     |  1- 3 |  4- 6 |  7- 9 || total
---------------------------+-------+-------+-------++-------
  Melee: Unarmed           |    84 |   111 |   231 ||   426
         Tailslap          |    10 |    12 |    47 ||    69
         Punch             |       |     2 |     9 ||    11
Ability: Breathe Lightning |       |       |     6 ||     6
  Evoke: Wand              |       |     1 |     3 ||     4
    Use: Potion            |       |     2 |     1 ||     3
   Stab: Sleeping          |     1 |       |     1 ||     2
 Armour: Skin              |    30 |    62 |   153 ||   245
  Dodge: Dodged            |    55 |    65 |   146 ||   266
  Block: Other             |       |    23 |    54 ||    77
   Form: Flux              |       |       |     1 ||     1

Levels and vault maps discovered:
D:1:      minmay_arrival_split_and_join, layout_basic,
          chequers_ecumenical_altar_simple_redux
D:2:      layout_basic, basic_altar, hex_intersection
D:3:      minmay_roachtagon, layout_basic, gammafunk_ghost_mausoleum,
          nrook_mini_backslash
D:4:      cheibrodos_barr_body, layout_rooms, chequers_garden
D:5:      wander_river, layout_basic, beargit_hepliaklqana_dungeon_heroes
D:6:      layout_loops_ring, serial_undead, serial_undead_a, serial_undead_e,
          serial_undead_d, serial_undead_b, serial_undead_a, serial_undead_f,
          serial_undead_e, uniq_grinder

Notes
Turn   | Place    | Note
-------+----------+-------------------------------------------
     0 | D:1      | ytrimaz the Draconian Shapeshifter began the quest for the
                  | Orb.
     0 | D:1      | Reached XP level 1. HP: 16/16 MP: 1/1
     0 | D:1      | magus.rc [v1.9.6]
   159 | D:1      | You add the spells Mephitic Cloud, Freezing Cloud and Fire
                  | Storm to your library.
   159 | D:1      | Got the Elucidation of the Impact
   207 | D:1      | Found a faded altar of an unknown god.
   228 | D:1      | Reached XP level 2. HP: 23/23 MP: 2/2
   496 | D:1      | You pick up a book of Cantrips and begin reading...
   496 | D:1      | You add the spells Necrotise, Summon Small Mammal and
                  | Apportation to your library.
   513 | D:1      | You pick up a book of Burglary and begin reading...
   513 | D:1      | You add the spells Passwall, Ensorcelled Hibernation and
                  | Swiftness to your library.
  1006 | D:2      | Found a burning altar of Makhleb.
  1253 | D:2      | Reached XP level 3. HP: 27/28 MP: 3/3
  1686 | D:2      | Reached skill level 4 in Shapeshifting
  1686 | D:2      | Reached XP level 4. HP: 31/35 MP: 4/4
  1949 | D:3      | You pick up a book of Winter and begin reading...
  1949 | D:3      | You add the spells Ozocubu's Armour, Metabolic Englaciation
                  | and Simulacrum to your library.
  2014 | D:3      | Found a transporter.
  2016 | D:3      | Noticed osoart's ghost (amateur OpSh)
  2019 | D:3      | Found a transporter.
  2027 | D:3      | Identified the +3 leather armour of Olompe {Int+6}
  2312 | D:4      | Noticed a scorpion
  2329 | D:3      | Killed a scorpion
  2330 | D:3      | Reached skill level 4 in Unarmed Combat
  2330 | D:3      | Reached XP level 5. HP: 35/40 MP: 5/5
  2399 | D:4      | Reached skill level 5 in Shapeshifting
  2437 | D:4      | HP: 10/40 [poisoned by a kobold]
  2515 | D:4      | You pick up a book of Displacement and begin reading...
  2515 | D:4      | You add the spells Lesser Beckoning, Gell's Gravitas and
                  | Teleport Other to your library.
  2534 | D:4      | Noticed a black bear
  2543 | D:4      | Killed a black bear
  2544 | D:4      | Reached XP level 6. HP: 36/47 MP: 6/6
  2551 | D:4      | Identified the +9 short sword of Truth {protect, rElec}
  2591 | D:4      | Noticed an ice beast
  2603 | D:4      | an ice beast changed into a sky beast
  2603 | D:4      | Noticed a sky beast
  2607 | D:4      | Killed a sky beast
  2790 | D:4      | Reached skill level 5 in Unarmed Combat
  2790 | D:4      | Reached skill level 6 in Shapeshifting
  2801 | D:4      | You pick up a book of Blood and begin reading...
  2801 | D:4      | You add the spells Sublimation of Blood, Wereblood and
                  | Summon Hydra to your library.
  3012 | D:4      | HP: 7/47 [ogre/+0 giant club (24)]
  3015 | D:4      | Your scales start taking on a glossy black colour.
  3015 | D:4      | Reached XP level 7. HP: 9/52 MP: 7/7
  3015 | D:4      | Gained mutation: You are resistant to electric shocks.
                  | (rElec) [Black Draconian growth]
  3337 | D:5      | Entered Level 5 of the Dungeon
  3470 | D:5      | Reached skill level 7 in Shapeshifting
  3757 | D:5      | Reached skill level 6 in Unarmed Combat
  3850 | D:5      | Noticed Blork the orc
  3851 | D:5      | Found a faded altar of an unknown god.
  3852 | D:5      | Found a hazy altar of Hepliaklqana.
  3862 | D:5      | Killed Blork the orc
  3863 | D:5      | Reached XP level 8. HP: 28/59 MP: 8/8
  4225 | D:6      | Noticed Grinder
  4226 | D:6      | Paralysed by Grinder for 4 turns
  4472 | D:6      | Reached skill level 8 in Shapeshifting
  4626 | D:6      | Reached skill level 7 in Unarmed Combat
  4691 | D:6      | Reached skill level 9 in Shapeshifting
  4922 | D:6      | Reached XP level 9. HP: 64/64 MP: 9/9
  5117 | D:6      | HP: 11/64 [Grinder/nerve-wracking pain (10)]
  5118 | D:6      | HP: 2/64 [bounced beam (9)]
  5118 | D:6      | Killed themself with a bounced orb of electricity

Vanquished Creatures
  2 ice beasts
  A sky beast (D:4)
  2 black bears
  An ogre (D:4)
  3 phantoms
  Blork the orc (D:5)
  A gnoll sergeant (D:6)
  A wyvern zombie (D:6)
  5 scorpions
  A water moccasin zombie (D:6)
  A wight (D:4)
  2 howler monkeys
  3 bullfrog zombies (D:6)
  2 centaur zombies (D:6)
  8 hounds
  An orc priest (D:6)
  2 bullfrog skeletons (D:6)
  A sleepcap (D:5)
  5 iguanas
  3 orc wizards
  2 howler monkey zombies (D:6)
  3 gnolls (D:5)
  4 adders
  A shadow imp (D:6)
  A worm (D:2)
  2 dart slugs (D:2)
  15 orcs
  8 ball pythons
  4 bats
  3 endoplasms
  15 giant cockroaches
  6 goblins
  4 hobgoblins
  A jackal (D:4)
  3 quokkas
  A frilled lizard (D:3)
  10 kobolds
  5 rats
134 creatures vanquished.

Table legend:
 A = Non-vault XP
 B = Vault XP
 C = Vault XP percentage of total XP
 D = Non-vault monster count
 E = Vault monster count
 F = Vault count percentage of total count
                 A         B        C        D         E       F
            +---------+---------+-------+---------+---------+-------
      Total |    2235 |    1073 |  32.4 |      98 |      36 |  26.9
            +---------+---------+-------+---------+---------+-------
        D:1 |      19 |       0 |   0.0 |      12 |       0 |   0.0
        D:2 |      81 |       0 |   0.0 |      20 |       0 |   0.0
        D:3 |     118 |      22 |  15.7 |      11 |      11 |  50.0
        D:4 |     357 |     252 |  41.4 |      11 |      11 |  50.0
        D:5 |     686 |      99 |  12.6 |      22 |       1 |   4.3
        D:6 |     974 |     700 |  41.8 |      22 |      13 |  37.1
            +---------+---------+-------+---------+---------+-------

Skill      XL: |  1  2  3  4  5  6  7  8 |
---------------+-------------------------+-----
Shapeshifting  | 4 5 6 7 9 |  9.6
Unarmed Combat | 4 5 6 7 |  7.7
Fighting       | |  1.1
Dodging        | |  1.7

Action                     |  1- 3 |  4- 6 |  7- 9 || total
---------------------------+-------+-------+-------++-------
  Melee: Unarmed           |    84 |   111 |   231 ||   426
         Tailslap          |    10 |    12 |    47 ||    69
         Punch             |       |     2 |     9 ||    11
Ability: Breathe Lightning |       |       |     6 ||     6
  Evoke: Wand              |       |     1 |     3 ||     4
    Use: Potion            |       |     2 |     1 ||     3
   Stab: Sleeping          |     1 |       |     1 ||     2
 Armour: Skin              |    30 |    62 |   153 ||   245
  Dodge: Dodged            |    55 |    65 |   146 ||   266
  Block: Other             |       |    23 |    54 ||    77
   Form: Flux              |       |       |     1 ||     1

Illustrated notes

Table legend:
 A = Kills in this place as a percentage of kills in the entire game.
 B = Kills by you in this place as a percentage of kills by you in the entire game.
 C = Kills by friends in this place as a percentage of kills by friends in the entire game.
 D = Other kills in this place as a percentage of other kills in the entire game.
 E = Experience gained in this place as a percentage of experience gained in the entire game.
 F = Experience gained in this place divided by the number of levels of this place that you have seen.
                   A       B       C       D       E      F
               +-------+-------+-------+-------+-------+----------------------
         Total | 100.0 | 100.0 |   N/A |   N/A | 100.0 | 551.3
       Dungeon | 100.0 | 100.0 |   N/A |   N/A | 100.0 | 551.3
               +-------+-------+-------+-------+-------+----------------------

Table legend: (Time is in decaauts)
 A = Elapsed time spent in this place.
 B = Non-inter-level travel time spent in this place.
 C = Inter-level travel time spent in this place.
 D = Time resting spent in this place.
 E = Time spent auto-exploring this place.
 F = Levels seen in this place.
 G = Mean time per level.
                   A        B        C        D        E       F      G
               +--------+--------+--------+--------+--------+-----+--------+
         Total |   5102 |   4963 |    139 |    470 |   3541 |   6 |  850.3 |
       Dungeon |   5102 |   4963 |    139 |    470 |   3541 |   6 |  850.3 |
               +--------+--------+--------+--------+--------+-----+--------+

Top non-repeatable levels by time:
     D:5: 1123 daAuts
     D:4: 1000 daAuts
     D:2: 954 daAuts
     D:1: 823 daAuts
     D:6: 654 daAuts
     D:3: 546 daAuts
